AoeStats
← |GaoeG| flamingo

Glade

503572132Analyzed
1v1 RM · 1mo ago on Sep 1, 2026· 35m 31s· 2 players
Game mode
Random Map
Map size
Tiny (2 player)
Population
200
Speed
Normal
Resources
Standard
Victory
Conquest
Starting age
Dark Age
Ending age
Imperial Age
RankedLock teamsTeams togetherTeam positionsShared explorationLock speedFull tech treeHidden civsTurbo modeCheats
Victory
Defeat
🇻🇳 Cumans · Vietnam
1370
+18
🇪🇸 Spanish · Spain
1424
-18
CT AGE2
10:58 Feudal Age
11:07 Man-at-Arms
15:34 Forging
16:18 Scale Mail Armor
18:10 Double-Bit Axe
19:22 Fletching
20:19 Padded Archer Armor
25:55 Castle Age
23:41 Horse Collar
25:05 Gold Mining
26:43 Wheelbarrow
26:56 Leather Archer Armor
26:40 Bodkin Arrow
26:07 Elite Skirmisher
26:34 Pikeman
27:15 Squires
28:22 Ballistics
31:10 Scale Barding Armor
31:28 Bloodlines
33:39 Iron Casting
33:23 Capped Ram
35:40 Chain Barding Armor
|GaoeG| flamingo
7:24 Loom
10:08 Feudal Age
14:44 Castle Age
13:55 Double-Bit Axe
14:33 Horse Collar
Connection lost

Rejoining the realm…

Still unreachable

The connection could not be restored.

Session expired

The server has moved on; the page needs a fresh start.